 Dungeon Crawl Stone Soup version 0.25-a0-1133-g93ebf739aa (webtiles) character file.

Game seed: 4685608275301439217, levelgen mode: deterministic

3842 Flugslaktarn the Cleaver (level 9, -6/82 HPs)
             Began as a Deep Dwarf Fighter on May 20, 2020.
             Was a Believer of Makhleb.
             Mangled by an orc knight
             ... wielding a +0 halberd
              (7 damage)
             ... in a bailey.
             The game lasted 00:03:26 (4292 turns).

Flugslaktarn the Cleaver (Deep Dwarf Fighter)       Turns: 4292, Time: 00:03:26

Health: -6/82      AC: 13    Str: 23    XL:     9   Next: 98%
Magic:  6/6        EV:  3    Int:  9    God:    Makhleb [**....]
Gold:   221        SH: 17    Dex: 18    Spells: 8/8 levels left

rFire    . . .     SeeInvis .   a - +1 war axe
rCold    . . .     Gourm    .   s - +0 tower shield
rNeg     . . .     Faith    .   w - +0 plate armour
rPois    .         Spirit   .   (no helmet)
rElec    .         Reflect  .   (no cloak)
rCorr    .         Harm     .   (no gloves)
MR       +....                  (no boots)
Stlth    ..........             (no amulet)
HPRegen  0.00/turn              b - +6 ring of dexterity
MPRegen  0.10/turn              (no ring)

@: non-regenerating
A: damage resistance, heal wounds, sense surroundings 2, no regeneration
a: Heal Wounds, Minor Destruction, Renounce Religion


You were in a bailey.
You worshipped Makhleb.
Makhleb was pleased with you.
You were not hungry.

You visited 2 branches of the dungeon, and saw 9 of its levels.
You also visited: Bailey.

You collected 221 gold pieces.

Inventory:

Hand Weapons
 a - a +1 war axe (weapon)
Missiles
 q - 2 throwing nets (quivered)
Armour
 m - a +0 chain mail
   (You found it on level 4 of the Dungeon)
 s - a +0 tower shield (worn)
   (You found it on level 4 of the Dungeon)
 w - a +0 plate armour (worn)
   (You found it on level 5 of the Dungeon)
Jewellery
 b - a +6 ring of dexterity (left hand)
   (You found it on level 6 of the Dungeon)
 k - a +6 ring of strength {unknown}
   (You found it on level 6 of the Dungeon)
Scrolls
 r - a scroll of vulnerability {unknown}
 t - 3 scrolls of teleportation
 u - a scroll of enchant weapon
 v - a scroll of fog {unknown}
 x - 3 scrolls of remove curse
Potions
 d - a potion of might
 f - a potion of brilliance
 g - 2 potions of flight {unknown}
 h - a potion of haste
 i - a potion of mutation {unknown}
 j - a potion of magic {unknown}
 l - a potion of cancellation {unknown}
 n - a potion of curing {unknown}
 o - 2 potions of heal wounds {unknown}
 p - a potion of ambrosia {unknown}
 z - 3 potions of lignification {unknown}
Comestibles
 c - 4 chunks of flesh
 e - 8 rations


   Skills:
 + Level 6.2 Fighting
 * Level 9.8 Axes
 + Level 7.4 Armour
 + Level 7.5 Shields
 + Level 5.1 Invocations


You had 8 spell levels left.
You didn't know any spells.
Your spell library was empty.

Dungeon Overview and Level Annotations

Branches:
Dungeon (8/15)             Temple (1/1) D:6            Lair (0/6) D:8
 Bailey (1/1)

Altars:
Cheibriados
Dithmenos
Fedhas
Hepliaklqana
Makhleb
Nemelex Xobeh
Okawaru
Qazlal
Ru
Sif Muna
Trog
Uskayaw
Vehumet
Wu Jian
Xom
Zin
The Shining One


Innate Abilities, Weirdness & Mutations

You are resistant to damage.
You can heal yourself by infusing magical energy.
You passively map the area around you.
You do not regenerate.


Message History

The orc knight roars a battlecry!
The orc knights go into a battle-frenzy!
You block the orc's attack.
The orc warrior hits you from afar with a +0 halberd!
You barely miss the orc knight.
The orc knight is lightly wounded.
The orc knight hits you from afar with a +0 halberd!!
The orc knight hits you with a +0 glaive!
The orc hits you but does no damage.
You slash the orc knight!
The orc knight is lightly wounded.
The orc warrior hits you from afar with a +0 halberd!
* * * LOW HITPOINT WARNING * * *
The orc knight hits you from afar with a +0 halberd!!
* * * LOW HITPOINT WARNING * * *
You block the orc's attack. You block the orc knight's attack.
You block the orc warrior's attack.
You are too injured to fight recklessly!
The orc knight hits you with a +0 halberd!
You die...

### ##
##.###########∩## #
#?.o##.....##...##.
#.@.#..≈≈≈..#...#..
#...#.≈≈o≈≈.......≈
#.o.'.≈oo.≈.......≈
#$.o#o≈≈o≈≈.......≈
#(..#o.≈≈≈..#(..#..
#$..##.....##.∩.# ,
##.###########∩##
### ###


You could see 2 orc knights, an orc warrior (strong) and 2 orcs.

Vanquished Creatures
  Pikel (D:8)
  A troll (D:8)
  A hippogriff (D:7)
  Menkaure (D:7)
  Duvessa (D:7)
  A sky beast (D:7)
  A necrophage (D:6)
  An orc warrior (D:7)
  4 phantoms
  A slave (D:8)
  An ogre (D:6)
  A wolf (D:8)
  2 centaurs
  A big kobold (D:7)
  2 bullfrogs
  Dowan (D:7)
  A wyvern skeleton (D:6)
  3 scorpions
  3 killer bees (D:7)
  4 electric eels (D:8)
  3 howler monkeys
  3 crimson imps
  A bullfrog skeleton (D:4)
  10 hounds
  4 orc priests
  Natasha (D:3)
  An iguana (D:7)
  3 orc wizards
  7 worker ants
  A hound skeleton (D:4)
  A worker ant zombie (D:5)
  8 gnolls
  10 adders
  A shadow imp (D:6)
  An ooze (D:6)
  2 adder skeletons
  A dart slug (D:1)
  5 leopard geckos
  19 orcs
  2 bats
  A giant cockroach (D:2)
  6 goblins
  4 hobgoblins
  7 jackals (D:4)
  5 quokkas
  8 kobolds
  A quokka skeleton (D:7)
  3 rats
151 creatures vanquished.

Vanquished Creatures (others)
  2 plants (D:6)
2 creatures vanquished.

Grand Total: 153 creatures vanquished

Notes
Turn   | Place    | Note
-------+----------+-------------------------------------------
     0 | D:1      | Flugslaktarn the Deep Dwarf Fighter began the quest for the
                  | Orb.
     0 | D:1      | Reached XP level 1. HP: 20/20 MP: 1/1
   103 | D:1      | Reached XP level 2. HP: 27/27 MP: 2/2
   286 | D:3      | Noticed Natasha
   303 | D:3      | Killed Natasha
   303 | D:3      | Reached skill level 3 in Axes
   303 | D:3      | Reached XP level 3. HP: 22/34 MP: 3/3
   430 | D:4      | Reached XP level 4. HP: 41/42 MP: 4/4
   787 | D:4      | Reached skill level 4 in Axes
   790 | D:4      | Reached XP level 5. HP: 34/49 MP: 5/5
   865 | D:4      | Found a bloodstained altar of Trog.
  1313 | D:5      | Entered Level 5 of the Dungeon
  1316 | D:5      | Reached XP level 6. HP: 40/56 MP: 6/6
  1435 | D:5      | Reached skill level 5 in Axes
  1604 | D:5      | Noticed an angel
  1606 | D:5      | Found a glowing silver altar of Zin.
  1607 | D:5      | Found a shimmering altar of Xom.
  1668 | D:5      | Reached XP level 7. HP: 40/64 MP: 5/5
  1717 | D:5      | Reached skill level 5 in Armour
  1765 | D:5      | Found a shimmering blue altar of Sif Muna.
  1774 | D:5      | Reached skill level 5 in Shields
  1939 | D:5      | Reached skill level 6 in Axes
  2436 | D:6      | Reached XP level 8. HP: 42/73 MP: 6/6
  2521 | D:6      | Reached skill level 7 in Axes
  2562 | D:6      | Found an iron altar of Okawaru.
  2584 | D:6      | Found a staircase to the Ecumenical Temple.
  2613 | Temple   | Entered the Ecumenical Temple
  2700 | Temple   | Became a worshipper of Makhleb the Destroyer
  2825 | D:6      | Reached skill level 1 in Invocations
  2838 | D:6      | Found a radiant altar of Vehumet.
  2843 | D:6      | Reached skill level 5 in Fighting
  3346 | D:7      | Reached skill level 8 in Axes
  3468 | D:7      | Noticed a hippogriff
  3474 | D:7      | Gained mutation: You passively map the area around you.
                  | [Deep Dwarf growth]
  3474 | D:7      | Reached XP level 9. HP: 48/81 MP: 8/8
  3485 | D:7      | Reached * piety under Makhleb
  3605 | D:7      | Noticed Duvessa
  3614 | D:7      | Killed Duvessa
  3614 | D:7      | Noticed Dowan
  3619 | D:7      | Noticed Menkaure
  3636 | D:7      | Killed Dowan
  3638 | D:7      | Killed Menkaure
  3714 | D:7      | Reached skill level 9 in Axes
  4050 | D:8      | Reached ** piety under Makhleb
  4063 | D:8      | Found a staircase to the Lair.
  4072 | D:8      | Noticed a troll
  4101 | D:8      | Killed a troll
  4220 | D:8      | Noticed Pikel
  4236 | D:8      | Killed Pikel
  4236 | D:8      | Reached skill level 5 in Invocations
  4265 | D:8      | Found a flagged portal.
  4274 | Bailey   | Entered a bailey
  4275 | Bailey   | Noticed an orc knight
  4285 | Bailey   | Noticed an orc knight
  4285 | Bailey   | Noticed an orc knight
  4291 | Bailey   | HP: 1/82 [orc knight/+0 halberd (18)]
  4292 | Bailey   | Mangled by an orc knight

Illustrated notes

Levels and vault maps discovered:
D:1:      matt_arrival_los_fun, layout_rooms, minmay_misc_feat_secret_circle,
          minmay_split_cup_large
D:2:      layout_basic, first_ration, uniq_sigmund
D:3:      layout_rooms, kennysheep_ying_yang, old_standard_altar,
          nicolae_ashenzari_panopticon, serial_curves, eino_curves_02,
          eino_curves_04, serial_bayou_pond_e, uniq_natasha, uniq_jessica
D:4:      layout_cave_pods, trog_book
D:5:      layout_loops_corners, grunt_temple_overflow_order_and_chaos_1,
          kennysheep_little_box
D:6:      layout_loops_cross, nicolae_overflow_crystal_walls, kennysheep_mini,
          minmay_temple_entry_wispy, serial_bayou_pond_b, kennysheep_dice
D:7:      layout_basic, corexii_item_surrounded_by_moat, uniq_menkaure,
          uniq_duvessa
D:8:      layout_loops_ring, erik_lair_island, enter_bailey_3, uniq_pikel
Temple:   nicolae_temple_hex_pool
Bailey:   bailey_polearm_4, bailey

Skill      XL: |  1  2  3  4  5  6  7  8  9 |
---------------+----------------------------+-----
Fighting       | 3 4 5 6 |  6.2
Axes           | 3 4 5 6 8 9 |  9.8
Armour         | 4 5 6 7 |  7.4
Shields        | 4 5 6 7 |  7.5
Invocations    | 2 5 |  5.1

Action                   |  1- 3 |  4- 6 |  7- 9 || total
-------------------------+-------+-------+-------++-------
Melee: War axe           |    80 |   145 |   435 ||   660
 Abil: Heal Wounds       |     1 |     6 |    22 ||    29
  Use: Scroll            |       |       |    12 ||    12
       Potion            |       |       |     1 ||     1
  Eat: Chunk             |       |     3 |     9 ||    12
Armor: Scale mail        |    38 |       |       ||    38
       Chain mail        |       |    69 |    14 ||    83
       Plate armour      |       |       |   235 ||   235
Dodge: Dodged            |    32 |    21 |    39 ||    92
Block: Kite shield       |    56 |    36 |       ||    92
       Tower shield      |       |    64 |   402 ||   466

Table legend:
 A = Non-vault XP
 B = Vault XP
 C = Vault XP percentage of total XP
 D = Non-vault monster count
 E = Vault monster count
 F = Vault count percentage of total count
                 A         B        C        D         E       F
            +---------+---------+-------+---------+---------+-------
      Total |    3556 |    1933 |  35.2 |     129 |      21 |  14.0
            +---------+---------+-------+---------+---------+-------
        D:1 |      17 |       0 |   0.0 |       8 |       0 |   0.0
        D:2 |      13 |       0 |   0.0 |       8 |       0 |   0.0
        D:3 |      13 |      36 |  73.5 |       1 |       1 |  50.0
        D:4 |     249 |       0 |   0.0 |      23 |       0 |   0.0
        D:5 |     667 |       0 |   0.0 |      24 |       0 |   0.0
        D:6 |     811 |     318 |  28.2 |      19 |       5 |  20.8
        D:7 |    1533 |     335 |  17.9 |      40 |       3 |   7.0
        D:8 |     253 |    1244 |  83.1 |       6 |      12 |  66.7
            +---------+---------+-------+---------+---------+-------
